 Dungeon Crawl Stone Soup version 0.27-a0-1232-gc6a4cbde82 (webtiles) character file.

Game seed: 13858504923507624351

38 mordus the Cudgeller (level 3, -11/36 HPs)
             Began as a Troll Monk on June 8, 2021.
             Killed from afar by Terence (14 damage)
             ... with a puff of flame
             ... on level 2 of the Dungeon.
             The game lasted 00:01:43 (1103 turns).

mordus the Cudgeller (Troll Monk)                   Turns: 1103, Time: 00:01:44

Health: -11/36     AC:  4    Str: 19    XL:     3   Next: 25%
Magic:  2/2        EV: 10    Int:  6    God:
Gold:   54         SH:  0    Dex: 13    Spells: 2/2 levels left

rFire    . . .     SeeInvis .   a - +0 mace
rCold    . . .     Faith    .   (no shield)
rNeg     . . .     Spirit   .   b - +0 robe
rPois    .         Reflect  .   (helmet restricted)
rElec    .         Harm     .   (no cloak)
rCorr    .         Rampage  .   (gloves unavailable)
Will     .....                  (boots unavailable)
Stlth    ++........             (no amulet)
HPRegen  1.12/turn              (no ring)
MPRegen  0.08/turn              (no ring)

@: no status effects
A: large, unfitting armour, claws 3, regeneration 1, shaggy fur 1, tough skin 1
a: no special abilities


You were on level 2 of the Dungeon.
You visited 1 branch of the dungeon, and saw 2 of its levels.

You collected 54 gold pieces.

Inventory:

Hand Weapons
 a - a +0 mace (weapon)
Armour
 b - a +0 robe (worn)
Scrolls
 c - a scroll of fear {unknown}
 d - a scroll of identify {unknown}
 e - a scroll of enchant armour {unknown}
Potions
 f - a potion of invisibility {unknown}


   Skills:
 - Level 2.4 Fighting
 * Level 3.6 Maces & Flails
 + Level 2.8 Dodging
 - Level 1.0 Stealth


You had 2 spell levels left.
You didn't know any spells.
Your spell library was empty.

Dungeon Overview and Level Annotations

Branches:
Dungeon (2/15)

Altars:

Annotations:
D:2 Terence


Innate Abilities, Weirdness & Mutations

You are too large for most types of armour.
You have claws for hands.
Your natural rate of healing is unusually fast.
You are covered in fur. (AC +1)
You have tough skin. (AC +1)


Message History

A goblin is nearby!
You hit the goblin.
You kill the goblin!
HP restored.
A rat, a hobgoblin and Terence come into view.
Terence is wielding a +0 flail and carrying a wand of flame (14).
The hobgoblin shouts!
There are monsters nearby!
There are monsters nearby!
There are monsters nearby!
Terence zaps a wand.
The puff of flame hits you!
There are monsters nearby!
You barely miss Terence. Terence hits you with a +0 flail.
There are monsters nearby!
You closely miss Terence. Terence misses you.
There are monsters nearby!
You barely miss Terence. Terence hits you with a +0 flail.
There are monsters nearby!
You sock Terence!
Terence is moderately wounded.
Terence hits you with a +0 flail! The rat barely misses you.
Terence hits you with a +0 flail!
* * * LOW HITPOINT WARNING * * *
There are monsters nearby!
Terence closely misses you. The hobgoblin completely misses you.
There are monsters nearby!
You are too injured to fight recklessly!
You hit the rat.
You kill the rat!
The hobgoblin barely misses you.
You hit the hobgoblin.
The hobgoblin is moderately wounded.
The hobgoblin barely misses you.
Terence says, "You're history."
Terence hits you with a +0 flail!
* * * LOW HITPOINT WARNING * * *
The hobgoblin hits you but does no damage.
The hobgoblin barely misses you.
Terence zaps a wand.
The puff of flame hits you!
You die...

###........# .#
.##..........##.##
..................
......$...........
..................
.!...........#
.........#.### ####
........g#.#### #####.##
...#...@.@....###.......
.. ###.###..####..##....
####.##...####.#†.....
................#....
...##..#...########....
..........#####.....).#
......#..###...(.....##
....#.#........###..##
......#............##


You could see Terence and a hobgoblin.

Vanquished Creatures
  2 dart slugs (D:1)
  3 bats
  2 endoplasms (D:1)
  3 giant cockroaches (D:1)
  4 goblins
  2 hobgoblins (D:1)
  4 ball pythons (D:1)
  A frilled lizard (D:1)
  4 kobolds
  9 rats
34 creatures vanquished.

Notes
Turn   | Place    | Note
-------+----------+-------------------------------------------
     0 | D:1      | mordus the Troll Monk began the quest for the Orb.
     0 | D:1      | Reached XP level 1. HP: 22/22 MP: 0/0
   131 | D:1      | Reached skill level 3 in Maces & Flails
   153 | D:1      | Reached XP level 2. HP: 29/29 MP: 1/1
   786 | D:1      | Reached XP level 3. HP: 36/36 MP: 2/2
   992 | D:2      | Found a faded altar of an unknown god.
  1089 | D:2      | Noticed Terence
  1101 | D:2      | HP: 1/36 [Terence/+0 flail (9)]
  1103 | D:2      | Killed from afar by Terence

Illustrated notes

Levels and vault maps discovered:
D:1:      dpeg_arrival_rhombi, layout_basic, eino_curves_01, minmay_misc_feat_x
D:2:      layout_rooms, ebering_ecumenical_altar_rust,
          kennysheep_cluttered_room, st_stairs_4, amethyst_killhole,
          uniq_crazy_yiuf_cottage, uniq_terence, uniq_sigmund

Skill      XL: |  1 |
---------------+----+-----
Maces & Flails | 3 |  3.6
Fighting       | |  2.4
Dodging        | |  2.8
Stealth        | |  1.0

Action                   || total
-------------------------++-------
Melee: Mace              ||   107
 Stab: Sleeping          ||     4
Armor: Robe              ||    35
Dodge: Dodged            ||    66

Table legend: (Time is in decaauts)
 A = Elapsed time spent in this place.
 B = Non-inter-level travel time spent in this place.
 C = Inter-level travel time spent in this place.
 D = Time resting spent in this place.
 E = Time spent auto-exploring this place.
 F = Levels seen in this place.
 G = Mean time per level.
                   A        B        C        D        E       F      G
               +--------+--------+--------+--------+--------+-----+--------+
         Total |   1127 |   1107 |     20 |      0 |    845 |   2 |  563.5 |
       Dungeon |   1127 |   1107 |     20 |      0 |    845 |   2 |  563.5 |
               +--------+--------+--------+--------+--------+-----+--------+

Top non-repeatable levels by time:
     D:1: 1001 daAuts
     D:2: 125 daAuts
